AA
FREDERICK STARS @ OKLAHOMA CITY 89'ERS
08/17/2059
 
TOP OF THE 1ST
Frederick Stars batting - Pitching for Oklahoma City 89'ers : RHP Norris Simion
Pitching: RHP Norris Simion
Batting: RHB Mitchell Metz 0-0: Called Strike
0-1: Ball
1-1: Ball
2-1: Fly out, F9 (Flyball, 9, EV 88.8 MPH)
Batting: RHB Wyatt Merica 0-0: Called Strike
0-1: Ball
1-1: Foul Ball, location: 2F
1-2: Strikes out swinging
Batting: RHB Morgan McManus 0-0: Ball
1-0: Ball
2-0: Called Strike
2-1: Called Strike
2-2: Ball
3-2: Foul Ball, location: 2F
3-2: Ground out 5-3 (Groundball, 56S, EV 85.6 MPH)
Top of the 1st over - 0 runs, 0 hits, 0 errors, 0 left on base; Frederick 0 - Oklahoma City 0
BOTTOM OF THE 1ST
Oklahoma City 89'ers batting - Pitching for Frederick Stars : RHP Andy Wilson
Pitching: RHP Andy Wilson
Batting: LHB Neal McDonald 0-0: Foul Ball, location: 2F
0-1: Ball
1-1: Fly out, F9 (Line Drive, 9, EV 85.6 MPH)
Batting: RHB Roger D'Andrea 0-0: Called Strike
0-1: Foul Ball, location: 2F
0-2: Foul Ball, location: 2F
0-2: Ball
1-2: Strikes out looking
Batting: LHB Adrien Davis 0-0: Ball
1-0: Foul Ball, location: 2F
1-1: Foul Ball, location: 2F
1-2: Ball
2-2: SOLO HOME RUN (Flyball, 89XD, EV 101.9 MPH), Distance : 409 ft
Batting: LHB Dave Hargrave 0-0: Swinging Strike
0-1: Ball
1-1: Foul Ball, location: 2F
1-2: Ground out 1-3 (Groundball, 13, EV 72.5 MPH)
Bottom of the 1st over - 1 run, 1 hit, 0 errors, 0 left on base; Frederick 0 - Oklahoma City 1
TOP OF THE 2ND
Frederick Stars batting - Pitching for Oklahoma City 89'ers : RHP Norris Simion
Batting: RHB Fabyon Choi 0-0: Foul Ball, location: 2F
0-1: Ball
1-1: Ball
2-1: Foul Ball, location: 2F
2-2: Strikes out swinging
Batting: RHB Orion Roby 0-0: Ball
1-0: Ground out 5-3 (Groundball, 56, EV 90.0 MPH)
Batting: RHB Furman Mendoza 0-0: Called Strike
0-1: Swinging Strike
0-2: SINGLE (Line Drive, 3D, EV 101.2 MPH)
Batting: LHB Harrison Ruto 0-0: Fly out, F9 (Line Drive, 89M, EV 95.6 MPH)
Top of the 2nd over - 0 runs, 1 hit, 0 errors, 1 left on base; Frederick 0 - Oklahoma City 1
BOTTOM OF THE 2ND
Oklahoma City 89'ers batting - Pitching for Frederick Stars : RHP Andy Wilson
Batting: RHB Quinn Holloway 0-0: Called Strike
0-1: Called Strike
0-2: SINGLE (Line Drive, 89S, EV 96.2 MPH)
Batting: LHB Alvan Goldsmith 0-0: Called Strike
0-1: Ball
1-1: Ball
2-1: Ball
3-1: Foul Ball, location: 2F
3-2: Strikes out swinging
Batting: LHB Ozzie Young 0-0: Ball
Quinn Holloway is caught stealing 2nd base 2-6
1-0: SINGLE (Groundball, 56, EV 93.8 MPH)
Batting: SHB Stuart Owens 0-0: SINGLE (Groundball, 4M, EV 102.5 MPH) (infield hit)
Ozzie Young to second
Batting: LHB Eaton Duda 0-0: Fielders Choice at 2nd, 5-4 (Groundball, 5, EV 96.9 MPH)
Bottom of the 2nd over - 0 runs, 3 hits, 0 errors, 2 left on base; Frederick 0 - Oklahoma City 1
TOP OF THE 3RD
Frederick Stars batting - Pitching for Oklahoma City 89'ers : RHP Norris Simion
Batting: RHB Carston Abidugun 0-0: Foul Ball, location: 2F
0-1: Swinging Strike
0-2: Foul Ball, location: 2F
0-2: Strikes out swinging
Batting: RHB Rylan Phillips 0-0: Called Strike
0-1: Ground out 3-1 (Groundball, 34, EV 105.6 MPH)
Batting: RHB Mitchell Metz 0-0: Ball
1-0: Swinging Strike
1-1: Ball
2-1: Ball
3-1: Called Strike
3-2: Strikes out swinging
Top of the 3rd over - 0 runs, 0 hits, 0 errors, 0 left on base; Frederick 0 - Oklahoma City 1
BOTTOM OF THE 3RD
Oklahoma City 89'ers batting - Pitching for Frederick Stars : RHP Andy Wilson
Batting: LHB Neal McDonald 0-0: Ball
1-0: Called Strike
1-1: Ball
2-1: Called Strike
2-2: Foul Ball, location: 2F
2-2: Foul Ball, location: 2F
2-2: Foul Ball, location: 2F
2-2: Ground out 4-3 (Groundball, 34D, EV 85.6 MPH)
Batting: RHB Roger D'Andrea 0-0: Fly out, F8 (Flyball, 8LD, EV 88.8 MPH)
Batting: LHB Adrien Davis 0-0: Called Strike
0-1: Fly out, F7 (Flyball, 7LM, EV 73.8 MPH)
Bottom of the 3rd over - 0 runs, 0 hits, 0 errors, 0 left on base; Frederick 0 - Oklahoma City 1
TOP OF THE 4TH
Frederick Stars batting - Pitching for Oklahoma City 89'ers : RHP Norris Simion
Batting: RHB Wyatt Merica 0-0: Ball
1-0: Ball
2-0: Foul Ball, location: 2F
2-1: Foul Ball, location: 2F
2-2: Ball
3-2: Ground out U3 (Groundball, 3S, EV 84.4 MPH)
Batting: RHB Morgan McManus 0-0: Called Strike
0-1: Ball
1-1: Ball
2-1: Ball
3-1: SINGLE (Flyball, 56D, EV 93.1 MPH)
Batting: RHB Fabyon Choi 0-0: Ball
1-0: DOUBLE (Line Drive, 9LS, EV 98.1 MPH)
Morgan McManus to third
Batting: RHB Orion Roby 0-0: Swinging Strike
0-1: Foul Ball, location: 2F
0-2: Strikes out swinging
Batting: RHB Furman Mendoza 0-0: Foul Ball, location: 2F
0-1: Ball
1-1: SINGLE (Line Drive, 9S, EV 98.8 MPH)
Morgan McManus scores
Fabyon Choi to third
Runner from 3rd tries for Home, SAFE, throw by RF to home
Batting: LHB Harrison Ruto 0-0: Foul Ball, location: 2F
0-1: Fly out, F9 (Flyball, 89S, EV 85.6 MPH)
Top of the 4th over - 2 runs, 3 hits, 0 errors, 1 left on base; Frederick 2 - Oklahoma City 1
BOTTOM OF THE 4TH
Oklahoma City 89'ers batting - Pitching for Frederick Stars : RHP Andy Wilson
Batting: LHB Dave Hargrave 0-0: Ball
1-0: Ball
2-0: Called Strike
2-1: Foul Ball, location: 2F
2-2: DOUBLE (Flyball, 89D, EV 104.4 MPH)
Batting: RHB Quinn Holloway 0-0: Swinging Strike
0-1: Ball
1-1: SINGLE (Line Drive, 6MD, EV 101.2 MPH)
Dave Hargrave to third
Batting: LHB Alvan Goldsmith 0-0: Called Strike
0-1: Ball
1-1: Foul Ball, location: 2F
1-2: Ball
2-2: Foul Ball, location: 2F
2-2: Ball
3-2: Fly out, F5 (Popup, 5SF, EV 86.9 MPH)
Batting: LHB Ozzie Young 0-0: Ball
Pickoff Throw to First - Out! 1-3
1-0: Foul Ball, location: 2F
1-1: Ball
2-1: Fly out, F4 (Popup, 4MS, EV 77.5 MPH)
Bottom of the 4th over - 0 runs, 2 hits, 0 errors, 1 left on base; Frederick 2 - Oklahoma City 1
TOP OF THE 5TH
Frederick Stars batting - Pitching for Oklahoma City 89'ers : RHP Norris Simion
Batting: RHB Carston Abidugun 0-0: Ball
1-0: Called Strike
1-1: Fly out, F5 (Line Drive, 5, EV 60.6 MPH)
Batting: RHB Rylan Phillips 0-0: Ball
1-0: Ball
2-0: Ball
3-0: Called Strike
3-1: Called Strike
3-2: Strikes out swinging
Batting: RHB Mitchell Metz 0-0: Ball
1-0: Fly out, F8 (Flyball, 8LS, EV 93.1 MPH)
Top of the 5th over - 0 runs, 0 hits, 0 errors, 0 left on base; Frederick 2 - Oklahoma City 1
BOTTOM OF THE 5TH
Oklahoma City 89'ers batting - Pitching for Frederick Stars : RHP Andy Wilson
Batting: SHB Stuart Owens 0-0: SINGLE (Flyball, 34D, EV 91.2 MPH)
Batting: LHB Eaton Duda 0-0: Ball
1-0: Ball
2-0: Ball
3-0: Called Strike
3-1: Bunt missed!
3-2: SINGLE (Flyball, 8LS, EV 94.4 MPH)
Stuart Owens to second
Batting: LHB Neal McDonald 0-0: Ball
1-0: Sac Bunt to 2L - play at first, batter safe!
Stuart Owens to third
Eaton Duda to second
Batting: RHB Roger D'Andrea 0-0: SINGLE (Groundball, 6MD, EV 102.5 MPH)
Stuart Owens scores
Eaton Duda to third
Neal McDonald to second
Runner from 3rd tries for Home, throw by CF and OUT! 8-2
Batting: LHB Adrien Davis 0-0: SINGLE (Groundball, 34, EV 107.5 MPH)
Neal McDonald to third
Roger D'Andrea to second
Runner from 3rd tries for Home, throw by RF and OUT! 9-2
Roger D'Andrea to third
Adrien Davis to second
Batting: LHB Dave Hargrave 0-0: Ball
1-0: Called Strike
1-1: Called Strike
1-2: Ball
2-2: Ball
3-2: Base on Balls
Batting: RHB Quinn Holloway 0-0: SINGLE (Flyball, 89S, EV 99.4 MPH)
Roger D'Andrea scores
Adrien Davis to third
Dave Hargrave to second
Runner from 3rd tries for Home, SAFE, throw by RF to home
Batting: LHB Alvan Goldsmith 0-0: Called Strike
0-1: Ball
1-1: Fly out, F8 (Flyball, 8RD, EV 88.1 MPH)
Bottom of the 5th over - 3 runs, 6 hits, 0 errors, 2 left on base; Frederick 2 - Oklahoma City 4
TOP OF THE 6TH
Frederick Stars batting - Pitching for Oklahoma City 89'ers : RHP Norris Simion
Batting: RHB Wyatt Merica 0-0: Fly out, F6 (Line Drive, 56, EV 64.4 MPH)
Batting: RHB Morgan McManus 0-0: Ball
1-0: Swinging Strike
1-1: Foul Ball, location: 2F
1-2: Ball
2-2: Ball
3-2: Foul Ball, location: 2F
3-2: Base on Balls
Batting: RHB Fabyon Choi 0-0: Ball
1-0: Foul Ball, location: 2F
1-1: Ball
2-1: Foul Ball, location: 2F
2-2: Hit by Pitch
Morgan McManus to second
Batting: RHB Orion Roby 0-0: Foul Ball, location: 2F
0-1: Ball
1-1: Reached on error, E5 (Groundball, 5, EV 83.1 MPH)
Morgan McManus to third
Fabyon Choi to second
Batting: RHB Furman Mendoza 0-0: Foul Ball, location: 2F
0-1: Swinging Strike
0-2: Ball
1-2: Ball
2-2: Grounds into double play, 1-2-3 (Groundball, P, EV 68.8 MPH)
Top of the 6th over - 0 runs, 0 hits, 1 error, 2 left on base; Frederick 2 - Oklahoma City 4
BOTTOM OF THE 6TH
Oklahoma City 89'ers batting - Pitching for Frederick Stars : RHP Andy Wilson
Batting: LHB Ozzie Young 0-0: Called Strike
0-1: Hit by Pitch
Batting: SHB Stuart Owens 0-0: Called Strike
0-1: DOUBLE (Flyball, 78D, EV 93.8 MPH)
Ozzie Young to third
Ozzie Young scores
Pitching: LHP Tyrek Hali
Batting: LHB Eaton Duda 0-0: Called Strike
0-1: Swinging Strike
0-2: Ball
1-2: Strikes out looking
Batting: LHB Neal McDonald 0-0: Called Strike
0-1: Ball
1-1: Ball
2-1: Swinging Strike
2-2: Foul Ball, location: 2F
2-2: Strikes out looking
Batting: RHB Roger D'Andrea 0-0: Swinging Strike
0-1: Swinging Strike
0-2: Ball
1-2: Foul Ball, location: 2F
1-2: Strikes out swinging
Bottom of the 6th over - 1 run, 1 hit, 0 errors, 1 left on base; Frederick 2 - Oklahoma City 5
TOP OF THE 7TH
Frederick Stars batting - Pitching for Oklahoma City 89'ers : RHP Norris Simion
Batting: LHB Harrison Ruto 0-0: SINGLE (Groundball, 4S, EV 63.1 MPH) (infield hit)
Batting: RHB Carston Abidugun 0-0: Called Strike
0-1: Ball
1-1: Called Strike
1-2: Strikes out swinging
Batting: RHB Rylan Phillips 0-0: Ball
1-0: Foul Ball, location: 2F
1-1: Ground out U3 (Groundball, 3S, EV 68.8 MPH)
Harrison Ruto to second
Batting: RHB Mitchell Metz 0-0: Ball
1-0: Called Strike
1-1: Ground out 3-1 (Groundball, 34, EV 86.9 MPH)
Top of the 7th over - 0 runs, 1 hit, 0 errors, 1 left on base; Frederick 2 - Oklahoma City 5
BOTTOM OF THE 7TH
Oklahoma City 89'ers batting - Pitching for Frederick Stars : LHP Tyrek Hali
Batting: LHB Adrien Davis 0-0: Ball
1-0: Foul Ball, location: 2F
1-1: Ball
2-1: Ball
3-1: Foul Ball, location: 2F
3-2: Foul Ball, location: 2F
3-2: Base on Balls
Batting: LHB Dave Hargrave 0-0: Called Strike
0-1: Ball
1-1: Foul Ball, location: 2F
1-2: Strikes out swinging
Batting: RHB Quinn Holloway 0-0: Ball
1-0: Called Strike
1-1: Foul Ball, location: 2F
1-2: Ball
2-2: Ball
3-2: Fielders Choice at 2nd, 1-4 (Groundball, 15S, EV 72.5 MPH)
Batting: LHB Alvan Goldsmith 0-0: Ball
1-0: Foul Ball, location: 2F
1-1: Swinging Strike
1-2: SINGLE (Groundball, 4D, EV 104.4 MPH)
Quinn Holloway to second
Runner from 2nd tries for 3rd, SAFE, throw by CF made to third
Batting: LHB Ozzie Young 0-0: Ball
1-0: Ball
2-0: Called Strike
2-1: Ball
3-1: Ground out 1-3 (Groundball, 34S, EV 65.6 MPH)
Bottom of the 7th over - 0 runs, 1 hit, 0 errors, 2 left on base; Frederick 2 - Oklahoma City 5
TOP OF THE 8TH
Frederick Stars batting - Pitching for Oklahoma City 89'ers : RHP Norris Simion
Now in LF: Mitchell Bryant
Batting: RHB Wyatt Merica 0-0: Foul Ball, location: 2F
0-1: Foul Ball, location: 2F
0-2: Ball
1-2: Foul Ball, location: 2F
1-2: Strikes out swinging
Pitching: LHP Derek Anderson
Batting: RHB Morgan McManus 0-0: Foul Ball, location: 2F
0-1: Foul Ball, location: 2F
0-2: Ball
1-2: Ball
2-2: SINGLE (Groundball, 6D, EV 95.0 MPH)
Batting: RHB Fabyon Choi 0-0: Called Strike
0-1: Swinging Strike
0-2: Ball
1-2: Strikes out swinging
Batting: RHB Orion Roby 0-0: Ball
1-0: Ball
2-0: Called Strike
2-1: Foul Ball, location: 2F
2-2: Ball
3-2: Ground out 5-3 (Groundball, 56, EV 98.8 MPH)
Top of the 8th over - 0 runs, 1 hit, 0 errors, 1 left on base; Frederick 2 - Oklahoma City 5
BOTTOM OF THE 8TH
Oklahoma City 89'ers batting - Pitching for Frederick Stars : LHP Tyrek Hali
Batting: SHB Stuart Owens 0-0: Called Strike
0-1: Ball
1-1: Ball
2-1: Ball
3-1: Foul Ball, location: 2F
3-2: Base on Balls
Pitching: LHP LaSean Wheeler
Batting: LHB Eaton Duda 0-0: Ball
1-0: Ball
2-0: Sac Bunt to 25 - play at first, batter OUT! 5-3
Stuart Owens to second
Batting: LHB Neal McDonald 0-0: Ball
1-0: Called Strike
1-1: Ball
2-1: Fly out, F8 (Flyball, 8RD, EV 97.5 MPH)
Batting: RHB Roger D'Andrea 0-0: Foul Ball, location: 2F
0-1: Ball
1-1: 2-RUN HOME RUN (Flyball, 78XD, EV 112.5 MPH), Distance : 422 ft
Batting: LHB Adrien Davis 0-0: Called Strike
0-1: Foul Ball, location: 2F
0-2: Strikes out swinging
Bottom of the 8th over - 2 runs, 1 hit, 0 errors, 0 left on base; Frederick 2 - Oklahoma City 7
TOP OF THE 9TH
Frederick Stars batting - Pitching for Oklahoma City 89'ers : LHP Derek Anderson
Batting: RHB Furman Mendoza 0-0: Ball
1-0: Ball
2-0: Called Strike
2-1: Single, Error in OF, E7, batter to second base (Groundball, 56D, EV 97.5 MPH)
Batting: LHB Harrison Ruto 0-0: Ball
1-0: Swinging Strike
1-1: Swinging Strike
1-2: Ball
2-2: SINGLE (Line Drive, 9S, EV 99.4 MPH)
Furman Mendoza to third
Batting: RHB Carston Abidugun 0-0: Fly out, F8 (Flyball, 78M, EV 89.4 MPH)
Batting: RHB Rylan Phillips 0-0: Swinging Strike
0-1: Called Strike
0-2: Grounds into double play, 6-4-3 (Groundball, 6, EV 102.5 MPH)
Top of the 9th over - 0 runs, 2 hits, 1 error, 1 left on base; Frederick 2 - Oklahoma City 7
Saturday, March 23rd , 2024 - OOTP Baseball 23.10 Build 110